 Dungeon Crawl Stone Soup version 0.31-a0-369-g8eba5f6939 (webtiles) character file.

Game seed: 16945935041618175814

29 cforsyth the Charlatan (level 3, -1/28 HPs)
             Began as a Gnoll Artificer on July 28, 2023.
             Succumbed to an adder's poison
             ... on level 2 of the Dungeon.
             The game lasted 00:01:30 (944 turns).

cforsyth the Charlatan (Gnoll Artificer)             Turns: 944, Time: 00:01:31

Health: -1/28      AC:  3    Str: 13    XL:     3   Next: 16%
Magic:  4/4        EV: 12    Int: 10    God:
Gold:   104        SH:  0    Dex: 12    Spells: 3/3 levels left

rFire   . . .        a - +0 club
rCold   . . .        (no shield)
rNeg    . . .        b - +0 leather armour
rPois   .            (no helmet)
rElec   .            (no cloak)
rCorr   .            (no gloves)
SInv    .            (no boots)
Will    .....        (no amulet)
Stlth   ++           (no ring)
HPRegen 0.24/turn    (no ring)
MPRegen 0.09/turn

%: no passive effects
@: mighty, lethally poisoned (-1 -> -12)
A: fangs 1, strong nose, distributed training
a: no special abilities


You were on level 2 of the Dungeon.
You visited 1 branch of the dungeon, and saw 2 of its levels.

You collected 104 gold pieces.

Inventory:

Hand Weapons
 a - a +0 club (weapon)
Armour
 b - a +0 leather armour (worn)
Jewellery
 l - a ring of positive energy
Wands
 c - a wand of flame (15) (quivered)
 d - a wand of charming (15)
 e - a wand of iceblast (5)
Scrolls
 f - a scroll of vulnerability {unknown}
 g - a scroll of teleportation {unknown}
 i - a scroll of torment {unknown}
Potions
 j - a potion of berserk rage {unknown}
 k - a potion of curing {unknown}


   Skills:
 + Level 2.6 Fighting
 + Level 0.7 Short Blades
 + Level 0.7 Long Blades
 + Level 0.7 Axes
 + Level 0.7 Maces & Flails
 + Level 0.7 Polearms
 + Level 0.7 Staves
 + Level 0.7 Ranged Weapons
 + Level 0.7 Throwing
 + Level 4.5 Armour
 + Level 2.6 Dodging
 + Level 2.3 Stealth
 + Level 0.7 Shields
 + Level 0.7 Unarmed Combat
 + Level 0.7 Spellcasting
 + Level 0.5 Conjurations
 + Level 0.5 Hexes
 + Level 0.5 Summonings
 + Level 0.5 Necromancy
 + Level 0.5 Translocations
 + Level 0.5 Transmutations
 + Level 0.5 Fire Magic
 + Level 0.5 Ice Magic
 + Level 0.5 Air Magic
 + Level 0.5 Earth Magic
 + Level 0.5 Poison Magic
 + Level 0.9 Invocations
 + Level 6.5 Evocations
 + Level 0.5 Shapeshifting


You had 3 spell levels left.
You didn't know any spells.
Your spell library contained the following spells:

 Spells                   Type           Power      Damage    Failure   Level
 Sting                    Tmut/Pois      4%         1d3       34%         1
 Poisonous Vapours        Pois/Air       2%         N/A       47%         2
 Olgreb's Toxic Radiance  Pois           1%         N/A       98%         4


Dungeon Overview and Level Annotations

Branches:
Dungeon (2/15)

Altars:


Innate Abilities, Weirdness & Mutations

You have very sharp teeth.
Your uncanny sense of smell can sniff out nearby items.
Your experience applies equally to all skills.


Message History

You closely miss the adder. The bat barely misses you.
The hobgoblin closely misses you. The adder closely misses you.
You barely miss the adder. The bat closely misses you.
The bat barely misses you. The adder bites you.
You are poisoned.
The adder poisons you! The hobgoblin closely misses you. The adder bites you.
The hobgoblin hits you.
You closely miss the adder.
You feel sick. The bat closely misses you. The adder misses you.
The hobgoblin hits you. The adder bites you.
You are more poisoned.
The adder poisons you!
You are too injured to fight recklessly!
You are too injured to fight recklessly!
You are too injured to fight recklessly!
You are too injured to fight recklessly!
You are too injured to fight recklessly!
You are too injured to fight recklessly!
You are too injured to fight recklessly!
You are too injured to fight recklessly!
You are too injured to fight recklessly!
* * * LOW HITPOINT WARNING * * *
You feel very sick. The bat hits you.
* * * LOW HITPOINT WARNING * * *
The bat hits you but does no damage. x2
The bat attacks as you move away! The bat misses you.
The hobgoblin attacks as you move away! The hobgoblin closely misses you.
* * * LOW HITPOINT WARNING * * *
You feel sick. The bat hits you.
* * * LOW HITPOINT WARNING * * *
There is an open door here.
The hobgoblin attacks as you move away! The hobgoblin barely misses you.
* * * LOW HITPOINT WARNING * * *
You feel sick. The adder bites you.
* * * LOW HITPOINT WARNING * * *
You are more poisoned.
The adder poisons you!
It was a potion of might.
You feel very mighty all of a sudden.
You die...

#.....# #.....# ##
#...... ..# #.....#
#.#.### #.....# #.#.#..
####.....# #.#.#.#
>.......b####.#.#.# .
........gS@...#.#.####..
.........##.............
.........##.........#
....#######.........#
... ##..#.#...# ..
#..#†##### #..#.# #..#.#
..........#.#


You could see an adder, a hobgoblin and a bat.

Vanquished Creatures
  2 dart slugs (D:1)
  3 endoplasms (D:1)
  3 giant cockroaches (D:1)
  A goblin (D:1)
  4 hobgoblins
  A kobold (D:1)
  A quokka (D:1)
  A ball python (D:2)
  3 bats (D:1)
  3 rats (D:1)
22 creatures vanquished.

Notes
Turn   | Place    | Note
-------+----------+-------------------------------------------
     0 | D:1      | cforsyth the Gnoll Artificer began the quest for the Orb.
     0 | D:1      | Reached XP level 1. HP: 17/17 MP: 1/1
   105 | D:1      | Reached XP level 2. HP: 5/23 MP: 2/2
   667 | D:1      | Reached XP level 3. HP: 27/28 MP: 3/3
   944 | D:2      | Succumbed to an adder's poison

Illustrated notes

Levels and vault maps discovered:
D:1:      dpeg_arrival_arbitrary_b, layout_loops_cross,
          minmay_misc_feat_nine_boxes, grunt_decor_one_mirror
D:2:      layout_basic

Action                     || total
---------------------------++-------
  Melee: Club              ||   113
         Bite              ||     8
    Use: Potion            ||     1
   Stab: Sleeping          ||     2
 Armour: Leather armour    ||    49
  Dodge: Dodged            ||    93

Table legend: (Time is in decaauts)
 A = Elapsed time spent in this place.
 B = Non-inter-level travel time spent in this place.
 C = Inter-level travel time spent in this place.
 D = Time resting spent in this place.
 E = Time spent auto-exploring this place.
 F = Levels seen in this place.
 G = Mean time per level.
                   A        B        C        D        E       F      G
               +--------+--------+--------+--------+--------+-----+--------+
         Total |    975 |    950 |     25 |      0 |    722 |   2 |  487.5 |
       Dungeon |    975 |    950 |     25 |      0 |    722 |   2 |  487.5 |
               +--------+--------+--------+--------+--------+-----+--------+

Top non-repeatable levels by time:
     D:1: 894 daAuts
     D:2: 81 daAuts
